 Dungeon Crawl Stone Soup version 0.17.2-1-ge4368a0 (webtiles) character file.

83 Goblin1989 the Covered (level 4, 0/31 HPs)
             Began as a Halfling Fighter on Nov 19, 2016.
             Killed by divine providence
             ... invoked by an orc priest
              (12 damage)
             ... on level 4 of the Dungeon.
             The game lasted 00:06:08 (2047 turns).

Goblin1989 the Covered (Halfling Fighter)           Turns: 2047, Time: 00:06:08

Health: 0/31       AC: 15    Str: 17    XL:     4   Next: 71%
Magic:  4/4        EV:  6    Int:  7    God:
Gold:   117        SH:  9    Dex: 13    Spells: 0 memorised, 3 levels left

rFire  . . .     SeeInvis .     a - +0 long sword
rCold  . . .     Clarity  .     u - +0 chain mail (curse)
rNeg   . . .     SustAt   .     c - +0 shield
rPois  .         Gourm    .     (no helmet)
rElec  .         Spirit   .     t - +0 cloak
rCorr  .         Warding  .     w - +2 pair of gloves
rMut   .         Stasis   .     (no boots)
MR     .....                    (no amulet)
Stlth  ..........               (no ring)
                                g - +2 ring of protection

@: not resistant to hostile enchantments, extremely unstealthy
A: mutation resistance 1
a: no special abilities


You were on level 4 of the Dungeon.
You were not hungry.

You visited 1 branch of the dungeon, and saw 4 of its levels.

You collected 117 gold pieces.

Inventory:

Hand Weapons
 a - a +0 long sword (weapon)
Armour
 c - a +0 shield (worn)
 t - a +0 cloak (worn)
 u - a cursed +0 chain mail (worn)
 w - a +2 pair of gloves (worn)
Jewellery
 g - a +2 ring of protection (left hand)
Scrolls
 b - a scroll of amnesia {unknown}
 f - a scroll of noise {unknown}
 i - 2 scrolls of identify {unknown}
 j - 2 scrolls of enchant armour {unknown}
 m - a scroll of enchant weapon {unknown}
 o - a scroll of recharging {unknown}
 p - a scroll of teleportation {unknown}
 r - a scroll of immolation {unknown}
 v - a scroll of remove curse {unknown}
Potions
 d - a potion of might
 h - a potion of invisibility {unknown}
 k - 8 potions of curing {unknown}
 l - a potion of lignification {unknown}
 n - a potion of haste {unknown}
Comestibles
 e - a bread ration {@e1}
 q - a beef jerky
 s - a meat ration {@e2}
 x - 3 chunks of flesh {@w0}


   Skills:
 + Level 3.1 Fighting
 * Level 3.4 Long Blades
 + Level 3.9 Armour
 + Level 3.5 Shields


You had 3 spell levels left.
You didn't know any spells.

Dungeon Overview and Level Annotations

Branches:
Dungeon (4/15)
 Temple: D:4-7

Altars:


Innate Abilities, Weirdness & Mutations

You are small and have problems with some larger weapons.
You are somewhat resistant to further mutation.


Message History

There is a stone staircase leading up here.
Eating one of 4 chunks of flesh {@w0}.
This raw flesh tastes terrible.
You continue eating. x2
You climb upwards.
The orc priest looks braver for a moment.
There is a stone staircase leading down here.
The orc priest hits you with a trident.
You climb downwards.
There is a stone staircase leading up here.
You take 4 damage, and have 27/31 hp.
You closely miss the orc priest.
The orc priest hits you but does no damage.
Unknown command.
You hit the orc priest but do no damage.
The orc priest mumbles some strange prayers to Beogh against you.
Something smites you!
* * * LOW HITPOINT WARNING * * *
The orc priest invokes the aid of Beogh against you.
Something smites you!
You die... ████████████

.......o@).█
.................
███████....██████
......█ ..$....█
████....█ █....█
█.█.██


You could see an orc priest.

Vanquished Creatures
  An orc priest (D:4)
  An adder (D:4)
  2 giant geckos
  An orc (D:4)
  3 bats
  5 hobgoblins
  6 kobolds
  2 quokkas
  A ball python (D:2)
  2 giant cockroaches (D:1)
  3 giant newts (D:1)
  6 goblins
  9 rats
42 creatures vanquished.

Notes
Turn   | Place    | Note
--------------------------------------------------------------
     0 | D:1      | Goblin1989 the Halfling Fighter began the quest for the Orb.
     0 | D:1      | Reached XP level 1. HP: 15/15 MP: 1/1
   211 | D:1      | Reached XP level 2. HP: 20/20 MP: 2/2
   580 | D:1      | Reached XP level 3. HP: 25/25 MP: 3/3
  1419 | D:4      | Reached XP level 4. HP: 13/31 MP: 4/4
  2047 | D:4      | Killed from afar by an orc priest

Action                   |  1- 3 |  4- 6 || total
-------------------------+-------+-------++-------
Melee: Long sword        |   157 |    18 ||   175
  Eat: Chunk             |     2 |     2 ||     4

Vault maps used:
D:1:      dpeg_arrival_chase, minmay_circled_x
D:3:      first_bread, nrook_mini_backslash, uniq_natasha, uniq_jessica
D:4:      nicolae_tso_carved_into_rock, saegor_snake_ambush, uniq_sigmund,
          uniq_pikel
